 Dungeon Crawl Stone Soup version 0.30-a0-578-gdee14c521f (webtiles) character file.

Game seed: 10780840813808714490

1586 wormed the Basher (level 8, -8/60 HPs)
             Began as a Gnoll Wanderer on Dec 31, 2022.
             Mangled by a gnoll
             ... wielding a +0 flail
             ... led by a gnoll bouda
              (12 damage)
             ... on level 5 of the Dungeon.
             The game lasted 00:07:49 (6286 turns).

wormed the Basher (Gnoll Wanderer)                  Turns: 6286, Time: 00:07:49

Health: -8/60      AC:  5    Str: 16    XL:     8   Next: 92%
Magic:  17/17      EV: 16    Int: 13    God:
Gold:   356        SH:  0    Dex: 23    Spells: 19/19 levels left

rFire   . . .      SeeInvis .    o - +2 rapier (flame)
rCold   . . .      Faith    +    (no shield)
rNeg    . . .      Spirit   .    y - +0 leather armour
rPois   .          Reflect  .    (no helmet)
rElec   .          Harm     .    b - +0 cloak
rCorr   .          Rampage  .    x - +0 pair of gloves
Will    +....                    (no boots)
Stlth   +++                      A - amulet of Trepidation {Faith Str+5 Dex+10}
HPRegen 0.30/turn                w - ring of willpower
MPRegen 0.15/turn                (no ring)

@: no status effects
A: fangs 1, strong nose, distributed training
a: no special abilities


You were on level 5 of the Dungeon.
You visited 2 branches of the dungeon, and saw 7 of its levels.
You also visited: Sewer.

You collected 356 gold pieces.

Inventory:

Hand Weapons
 o - a +2 rapier of flaming (weapon)
 u - a +2 short sword of electrocution
Missiles
 v - a throwing net (quivered)
Armour
 b - a +0 cloak (worn)
 r - a +0 tower shield
 x - a +0 pair of gloves (worn)
 y - a +0 leather armour (worn)
Jewellery
 w - a ring of willpower (left hand)
 A - the amulet of Trepidation (around neck) {Faith Str+5 Dex+10}
   (You found it on level 5 of the Dungeon)

   [amulet of faith]

   It allows you to gain divine favour quickly.
   Str:       It affects your strength (+5).
   Dex:       It affects your dexterity (+10).
Wands
 a - a wand of charming (19)
 t - a wand of digging (4)
 D - a wand of flame (12)
Scrolls
 e - 2 scrolls of silence {unknown}
 f - 3 scrolls of magic mapping {unknown}
 g - 3 scrolls of immolation {unknown}
 i - 2 scrolls of teleportation {unknown}
 m - 3 scrolls of acquirement {unknown}
 q - 2 scrolls of noise {unknown}
 s - a scroll of amnesia
 C - a scroll of butterflies
Potions
 c - 3 potions of attraction
 d - 2 potions of might
 h - 2 potions of brilliance {unknown}
 k - 3 potions of curing {unknown}
 l - 3 potions of flight
 n - a potion of resistance {unknown}
 p - a potion of magic {unknown}
 z - a potion of ambrosia {unknown}
 B - 2 potions of haste {unknown}


   Skills:
 + Level 3.8 Fighting
 + Level 3.8 Short Blades
 + Level 3.8 Long Blades
 + Level 3.8 Axes
 + Level 11.1 Maces & Flails
 + Level 3.8 Polearms
 + Level 3.8 Staves
 + Level 3.8 Ranged Weapons
 + Level 3.8 Throwing
 + Level 3.8 Armour
 + Level 6.0 Dodging
 + Level 4.5 Stealth
 + Level 3.8 Shields
 + Level 3.8 Unarmed Combat
 + Level 6.3 Spellcasting
 + Level 3.1 Conjurations
 + Level 3.1 Hexes
 + Level 3.1 Summonings
 + Level 3.1 Necromancy
 + Level 3.1 Translocations
 + Level 3.1 Transmutations
 + Level 3.1 Fire Magic
 + Level 3.1 Ice Magic
 + Level 3.1 Air Magic
 + Level 3.1 Earth Magic
 + Level 3.1 Poison Magic
 + Level 4.2 Invocations
 + Level 3.8 Evocations


You had 19 spell levels left.
You didn't know any spells.
Your spell library contained the following spells:

 Spells                   Type           Power      Damage    Failure   Level
 Passwall                 Tmut/Erth      10%        N/A       8%          2
 Wereblood                Tmut           12%        N/A       8%          2
 Dazzling Flash           Conj/Hex       24%        N/A       16%         3
 Agony                    Necr           12%        N/A       82%         5
 Silence                  Hex/Air        6%         N/A       82%         5


Dungeon Overview and Level Annotations

Branches:
Dungeon (6/15)             Temple (1/1) D:4           Sewer (visited)

Altars:
Ashenzari
Fedhas
Gozag
Hepliaklqana
Makhleb
Nemelex Xobeh
Ru
Sif Muna
Uskayaw
Xom
Yredelemnul
Zin
The Shining One

Shops:
D:1 (:

Annotations:
D:6 Prince Ribbit


Innate Abilities, Weirdness & Mutations

You have very sharp teeth.
Your uncanny sense of smell can sniff out nearby items.
Your experience applies equally to all skills.


Message History

The gnoll is heavily wounded.
The gnoll misses you. The gnoll closely misses you.
The gnoll hits you with a +0 flail.
You puncture the gnoll! You burn the gnoll.
You kill the gnoll!
The gnoll barely misses you. The gnoll closely misses you.
You barely miss the gnoll.
The gnoll is no longer moving quickly.
The gnoll barely misses you. The gnoll hits you with a +0 flail!
* * * LOW HITPOINT WARNING * * *
You closely miss the gnoll. The gnoll barely misses you.
The gnoll hits you with a +0 flail.
* * * LOW HITPOINT WARNING * * *
The gnoll attacks as you move away! The gnoll misses you.
The gnoll attacks as you move away! The gnoll closely misses you.
The gnoll closely misses you.
You hit the gnoll but do no damage. The gnoll closely misses you.
You hit the gnoll but do no damage. The gnoll closely misses you.
You barely miss the gnoll. The gnoll closely misses you.
You puncture the gnoll! You burn the gnoll.
You kill the gnoll!
You completely miss the gnoll. You bite the gnoll, but do no damage.
The gnoll barely misses you.
You hit the gnoll. You burn the gnoll.
The gnoll is severely wounded.
The gnoll hits you with a +0 flail.
* * * LOW HITPOINT WARNING * * *
You barely miss the gnoll.
The gnoll is severely wounded.
The gnoll hits you with a +0 flail!
* * * LOW HITPOINT WARNING * * *
You barely miss the gnoll. You bite the gnoll, but do no damage.
The gnoll is severely wounded.
The gnoll misses you.
You hit the gnoll but do no damage.
The gnoll is severely wounded.
The gnoll barely misses you.
You hit the gnoll. You burn the gnoll.
The gnoll is almost dead.
The gnoll hits you with a +0 flail!
You die...

#.#.# #.#.# #### #.#.#
...# #.#.# ...#
#.#.#####
...#########.).)...#
..............>#####
...#########.#.####
...# #...g@.#### ...#
#.#.##.##.# ...#
#.#.##.##.#
...#########.#.##....#
...........#.#.##.##.#
...........'.#....##.#
...........###.#####.#
........[..###.#####.#
.....................#


You could see a gnoll.

Vanquished Creatures
  An ice beast (D:6)
  2 ogres
  2 phantoms
  4 kobold brigands
  A bullfrog (D:5)
  5 scorpions
  2 jellies
  A gnoll bouda (D:6)
  2 orc priests
  2 iguanas (D:5)
  Terence (D:3)
  2 orc wizards
  11 gnolls
  4 adders
  A river rat (Sewer)
  An ufetubus (D:6)
  9 worms
  10 orcs
  13 ball pythons
  6 endoplasms
  5 giant cockroaches
  3 goblins
  9 hobgoblins
  5 jackals
  2 quokkas (D:6)
  9 bats
  3 frilled lizards
  17 kobolds
  10 rats
143 creatures vanquished.

Vanquished Creatures (others)
  A plant (D:1)
1 creature vanquished.

Grand Total: 144 creatures vanquished

Notes
Turn   | Place    | Note
-------+----------+-------------------------------------------
     0 | D:1      | Reached skill level 10 in Maces & Flails
     0 | D:1      | wormed the Gnoll Wanderer began the quest for the Orb.
     0 | D:1      | wormed set off with the following items: a +2 mace, a +0
                  | cloak, a potion of attraction, a +0 robe; and the following
                  | spells available to memorise: Passwall, Wereblood.
     0 | D:1      | Reached XP level 1. HP: 13/13 MP: 6/6
    70 | D:1      | Found Nyesagra's Book Boutique.
   181 | D:1      | Reached XP level 2. HP: 16/19 MP: 7/7
   371 | D:1      | Found Balifies's Weapon Shoppe.
  1081 | D:2      | Reached skill level 5 in Spellcasting
  1081 | D:2      | Reached XP level 3. HP: 25/25 MP: 7/9
  1475 | D:3      | Reached skill level 1 in Invocations
  1483 | D:3      | Reached skill level 1 in Fighting
  1483 | D:3      | Reached skill level 1 in Short Blades
  1483 | D:3      | Reached skill level 1 in Long Blades
  1483 | D:3      | Reached skill level 1 in Axes
  1483 | D:3      | Reached skill level 1 in Polearms
  1483 | D:3      | Reached skill level 1 in Staves
  1483 | D:3      | Reached skill level 1 in Ranged Weapons
  1483 | D:3      | Reached skill level 1 in Throwing
  1483 | D:3      | Reached skill level 1 in Armour
  1483 | D:3      | Reached skill level 1 in Shields
  1483 | D:3      | Reached skill level 1 in Unarmed Combat
  1483 | D:3      | Reached skill level 1 in Evocations
  1496 | D:3      | Reached XP level 4. HP: 18/32 MP: 11/11
  1764 | D:3      | Reached skill level 1 in Conjurations
  1764 | D:3      | Reached skill level 1 in Hexes
  1764 | D:3      | Reached skill level 1 in Summonings
  1764 | D:3      | Reached skill level 1 in Necromancy
  1764 | D:3      | Reached skill level 1 in Translocations
  1764 | D:3      | Reached skill level 1 in Transmutations
  1764 | D:3      | Reached skill level 1 in Fire Magic
  1764 | D:3      | Reached skill level 1 in Ice Magic
  1764 | D:3      | Reached skill level 1 in Air Magic
  1764 | D:3      | Reached skill level 1 in Earth Magic
  1764 | D:3      | Reached skill level 1 in Poison Magic
  1958 | D:3      | Noticed Terence
  1976 | D:3      | Killed Terence
  2177 | D:3      | Reached XP level 5. HP: 37/37 MP: 12/12
  2576 | D:4      | Found a staircase to the Ecumenical Temple.
  2588 | Temple   | Entered the Ecumenical Temple
  3183 | D:5      | Entered Level 5 of the Dungeon
  3209 | D:5      | Reached XP level 6. HP: 44/44 MP: 13/13
  3225 | D:5      | Reached skill level 5 in Dodging
  3480 | D:5      | Reached XP level 7. HP: 51/51 MP: 15/15
  3928 | D:5      | Identified the amulet of Trepidation {Faith Str+5 Dex+10}
  4330 | D:6      | Found a glowing drain.
  4361 | Sewer    | Entered a sewer
  4645 | Sewer    | Reached XP level 8. HP: 44/58 MP: 16/16
  5545 | D:6      | Reached skill level 11 in Maces & Flails
  5909 | D:6      | Noticed Prince Ribbit
  6283 | D:5      | HP: 3/60 [gnoll/+0 flail[a gnoll bouda] (8)]
  6286 | D:5      | Mangled by a gnoll

Illustrated notes

Levels and vault maps discovered:
D:1:      nzn_arrival_water_spiral, layout_loops_cross, serial_shops, shop,
          shop, hangedman_decor_push, dreamdust_princess_corridor,
          chequers_big_river
D:2:      layout_rooms
D:3:      layout_basic, general_overflow_altar, chequers_jeans, uniq_terence
D:4:      layout_loops_ring, minmay_temple_entry_butterflies
D:5:      layout_basic, serial_rivers, chequers_serial_rivers_micro_e,
          chequers_serial_rivers_large_a, chequers_serial_rivers_large_b,
          chequers_serial_rivers_small_3, chequers_serial_rivers_micro_a
D:6:      cheibrodos_barr_body, layout_rooms, gup_sewer_entry_pipe,
          uniq_prince_ribbit1
Temple:   nicolae_temple_bog_church

Skill      XL: |  1  2  3  4  5  6  7  8 |
---------------+-------------------------+-----
Maces & Flails | 11 | 11.1
Spellcasting   | 5 6 |  6.3
Invocations    | 1 2 3 4 |  4.2
Fighting       | 1 2 3 |  3.8
Short Blades   | 1 2 3 |  3.8
Long Blades    | 1 2 3 |  3.8
Axes           | 1 2 3 |  3.8
Polearms       | 1 2 3 |  3.8
Staves         | 1 2 3 |  3.8
Ranged Weapons | 1 2 3 |  3.8
Throwing       | 1 2 3 |  3.8
Armour         | 1 2 3 |  3.8
Shields        | 1 2 3 |  3.8
Unarmed Combat | 1 2 3 |  3.8
Evocations     | 1 2 3 |  3.8
Conjurations   | 1 2 3 |  3.1
Hexes          | 1 2 3 |  3.1
Summonings     | 1 2 3 |  3.1
Necromancy     | 1 2 3 |  3.1
Translocations | 1 2 3 |  3.1
Transmutations | 1 2 3 |  3.1
Fire Magic     | 1 2 3 |  3.1
Ice Magic      | 1 2 3 |  3.1
Air Magic      | 1 2 3 |  3.1
Earth Magic    | 1 2 3 |  3.1
Poison Magic   | 1 2 3 |  3.1
Stealth        | 3 4 |  4.5
Dodging        | 5 6 |  6.0

Action                   |  1- 3 |  4- 6 |  7- 9 || total
-------------------------+-------+-------+-------++-------
Melee: Mace              |    68 |    58 |       ||   126
       Bite              |     5 |     8 |    32 ||    45
       Short sword       |       |    71 |   272 ||   343
       Punch             |       |     1 |     7 ||     8
       Rapier            |       |       |    58 ||    58
  Use: Scroll            |       |       |     6 ||     6
 Stab: Sleeping          |     3 |     5 |     2 ||    10
Armor: Robe              |     8 |    20 |       ||    28
       Leather armour    |       |     4 |    40 ||    44
Dodge: Dodged            |    36 |    73 |   224 ||   333
Block: Other             |     6 |    30 |     9 ||    45

Table legend: (Time is in decaauts)
 A = Elapsed time spent in this place.
 B = Non-inter-level travel time spent in this place.
 C = Inter-level travel time spent in this place.
 D = Time resting spent in this place.
 E = Time spent auto-exploring this place.
 F = Levels seen in this place.
 G = Mean time per level.
                   A        B        C        D        E       F      G
               +--------+--------+--------+--------+--------+-----+--------+
         Total |   6472 |   6326 |    146 |    141 |   4866 |   8 |  809.0 |
       Dungeon |   5058 |   4918 |    140 |    141 |   3818 |   6 |  843.0 |
        Temple |    196 |    190 |      6 |      0 |    168 |   1 |  196.0 |
         Sewer |   1217 |   1217 |      0 |      0 |    879 |   1 | 1217.0 |
               +--------+--------+--------+--------+--------+-----+--------+

Top non-repeatable levels by time:
     D:5: 1410 daAuts
   Sewer: 1217 daAuts
     D:3: 1011 daAuts
     D:1: 995 daAuts
     D:6: 658 daAuts
     D:4: 631 daAuts
     D:2: 351 daAuts
  Temple: 196 daAuts
